 Dungeon Crawl Stone Soup version 0.23.0-3-gf3c87f2 (console) character file.

Game seed: 14687290727326838102

804757 erker the Executioner (level 27, 0/237 HPs)
             Began as a Formicid Monk on Feb 20, 2019.
             Was the Champion of Makhleb.
             Slain by a reaper
             ... wielding a +4 scythe of flaming
             ... summoned by a greater mummy's death curse
              (26 damage)
             ... on level 3 of the Tomb of the Ancients on Feb 21, 2019.
             The game lasted 09:19:17 (78466 turns).

erker the Executioner (Formicid Monk)              Turns: 78466, Time: 09:19:18

Health: 0/237      AC: 36    Str: 32    XL:     27
Magic:  46/46      EV: 24    Int: 17    God:    Makhleb [******]
Gold:   11282      SH: 39    Dex: 21    Spells: 33/46 levels left

rFire    + . .     SeeInvis +   a - +9 executioner's axe (holy)
rCold    + . .     Gourm    .   G - +3 large shield "Buis Pab" {MP+9 Str+5}
rNeg     + + +     Faith    .   w - +2 gold dragon scales
rPois    +         Spirit   .   (helmet unavailable)
rElec    .         Reflect  +   z - +2 cloak {+Inv}
rCorr    .         Harm     .   J - +2 pair of gloves
MR       +++..                  Y - +0 pair of boots "Ixkoc" {rPois rN+} (curse)
Stlth    ..........             q - brooch of Shielding {Reflect SH+8}
HPRegen  0.49/turn              t - ring "Wevater" {Wiz rN+ Dex+3}
MPRegen  0.30/turn              E - ring "Femielei" {rN+ MR+ Slay+6}

@: mighty, agile
A: permanent stasis, dig shafts and tunnels, four strong arms, antennae 3,
repulsion field 1, icy blue scales 1, screaming 2, wild magic 1
}: 5/15 runes: serpentine, barnacled, slimy, silver, abyssal
a: Dig, Shaft Self, Minor Destruction, Lesser Servant of Makhleb, Major
Destruction, Greater Servant of Makhleb, Renounce Religion, Evoke Invisibility


You were on level 3 of the Tomb of the Ancients.
You worshipped Makhleb.
Makhleb was exalted by your worship.
You were not hungry.

You visited 14 branches of the dungeon, and saw 61 of its levels.
You visited the Abyss 1 time.
You also visited: Trove, Sewer and Volcano.

You collected 13742 gold pieces.
You spent 2460 gold pieces at shops.

Inventory:

Hand Weapons
 a - a +9 executioner's axe of holy wrath (weapon)
 b - the +6 arbalest "Damnation" {damnation}
   (You found it on level 3 of the Elven Halls)
 g - the +9 arbalest of Mialuog {venom, +Blink rElec MP-9 Int+4 Dex+2}
   (You found it in a treasure trove)

   It poisons the ammo it fires.
   It affects your intelligence (+4).
   It affects your dexterity (+2).
   It insulates you from electricity.
   It affects your magic capacity (-9).
   It lets you blink.
Missiles
 j - 2159 bolts
 R - 8 throwing nets (quivered)
Armour
 w - +2 gold dragon scales (worn)
 z - a +2 cloak of invisibility (worn)
 G - the +3 large shield "Buis Pab" (worn) {MP+9 Str+5}
   (You took it off Louise on level 3 of the Depths)

   It affects your strength (+5).
   It affects your magic capacity (+9).
 J - a +2 pair of gloves (worn)
 Y - the cursed +0 pair of boots "Ixkoc" (worn) {rPois rN+}
   (You found it on level 3 of the Realm of Zot)

   It protects you from poison.
   It protects you from negative energy.
   It has a curse placed upon it.
Jewellery
 e - an uncursed ring of resist corrosion
 l - the ring of Uteah {rF+ MR+ Str+2}
   (You found it on level 4 of the Depths)

   [ring of strength]

   It affects your strength (+2).
   It protects you from fire.
   It affects your resistance to hostile enchantments.
 p - an uncursed ring of magical power
 q - the brooch of Shielding (around neck) {Reflect SH+8}
   (You took it off a deep elf sorcerer on level 3 of the Elven Halls)

   [amulet of reflection]

   It shields you and reflects attacks.
   It affects your SH (+8).
 t - the ring "Wevater" (left hand) {Wiz rN+ Dex+3}
   (You found it on level 5 of the Vaults)

   [ring of wizardry]

   It improves your spell success rate.
   It affects your dexterity (+3).
   It protects you from negative energy.
 u - the ring of Wisdom {-Tele MR+ Int+9 Slay+2 SInv}
   (You found it on level 4 of the Depths)

   [ring of protection from magic]

   It affects your intelligence (+9).
   It affects your accuracy and damage with ranged weapons and melee attacks
   (+2).
   It affects your resistance to hostile enchantments.
   It lets you see invisible.
   It prevents most forms of teleportation.
 E - the ring "Femielei" (right hand) {rN+ MR+ Slay+6}
   (You took it off a spriggan defender on level 2 of the Depths)

   [ring of protection from magic]

   It affects your accuracy and damage with ranged weapons and melee attacks
   (+6).
   It protects you from negative energy.
   It affects your resistance to hostile enchantments.
Wands
 c - a wand of iceblast (58)
 s - a wand of clouds (4)
 v - a wand of digging (16)
 B - a wand of acid (40)
 U - a wand of polymorph (44)
Scrolls
 m - 8 scrolls of fog
 n - 10 scrolls of fear
 o - a scroll of amnesia
 r - 40 scrolls of identify
 y - 7 scrolls of immolation
 H - 2 scrolls of silence
 Q - 8 scrolls of magic mapping
 S - 21 scrolls of remove curse
Potions
 f - 4 potions of resistance
 i - 30 potions of curing
 A - a potion of brilliance
 F - 3 potions of cancellation
 L - 3 potions of agility
 N - 3 potions of ambrosia
 V - a potion of magic
Miscellaneous
 h - 2 phantom mirrors
 x - a sack of spiders
 K - a box of beasts
Comestibles
 d - 99 rations


   Skills:
 - Level 23.9 Fighting
 - Level 26.0 Axes
 * Level 17.8 Crossbows
 - Level 19.1 Armour
 - Level 14.3 Dodging
 - Level 2.4 Stealth
 - Level 25.6 Shields
 - Level 10.0 Spellcasting
 - Level 8.0 Hexes
 - Level 11.9 Charms
 - Level 11.0 Necromancy
 + Level 8.0 Translocations
 - Level 3.0 Transmutations
 - Level 8.0 Invocations
 - Level 10.0 Evocations


You had 33 spell levels left.
You knew the following spells:

 Your Spells              Type           Power        Failure   Level  Hunger
p - Portal Projectile     Hex/Tloc       #####.       5%          3    None
r - Regeneration          Chrm/Necr      ######....   1%          3    None
s - Song of Slaying       Chrm           ######..     1%          2    None
v - Vampiric Draining     Necr           ######....   1%          3    None
w - Passwall              Tmut/Erth      ###.....     32%         2    None

Your spell library contained the following spells:

 Spells                   Type           Power        Failure   Level  Hunger
 Animate Skeleton         Necr           N/A          1%          1    None
 Apportation              Tloc           #####.       1%          1    None
 Confusing Touch          Hex            #####.       1%          1    None
 Corona                   Hex            #####..      1%          1    None
 Pain                     Necr           ####         1%          1    None
 Corpse Rot               Necr           N/A          1%          2    None
 Shroud of Golubria       Chrm/Tloc      ######....   1%          2    None
 Sublimation of Blood     Necr           ######....   1%          2    None
 Slow                     Hex            #####...     2%          2    None
 Spectral Weapon          Hex/Chrm       ######..     2%          3    None
 Confuse                  Hex            #####...     5%          3    None
 Lesser Beckoning         Tloc           #####.....   5%          3    None
 Teleport Other           Tloc           #####...     5%          3    None
 Tukima's Dance           Hex            #####...     5%          3    None
 Animate Dead             Necr           N/A          5%          4    ###....
 Swiftness                Chrm/Air       #####...     6%          2    None
 Beastly Appendage        Tmut           ###...       12%         1    None
 Ensorcelled Hibernation  Hex/Ice        ####..       12%         2    None
 Ozocubu's Armour         Chrm/Ice       #####...     12%         3    None
 Excruciating Wounds      Chrm/Necr      ######....   12%         5    #####..
 Agony                    Necr           ######..     13%         5    #####..
 Dispel Undead            Necr           ######..     13%         5    #####..
 Cause Fear               Hex            #####.....   16%         4    ###....
 Sticks to Snakes         Tmut           ###.....     19%         2    None
 Dazzling Spray           Conj/Hex       ####..       22%         3    None
 Inner Flame              Hex/Fire       ####....     22%         3    None
 Recall                   Summ/Tloc      N/A          22%         3    None
 Flame Tongue             Conj/Fire      ##...        36%         1    None
 Freeze                   Ice            ##..         36%         1    None
 Magic Dart               Conj           ##..         36%         1    None
 Sandblast                Erth           ##....       36%         1    None
 Shock                    Conj/Air       ##..         36%         1    None
 Summon Butterflies       Summ           ##......     36%         1    None
 Summon Small Mammal      Summ           ##..         36%         1    None
 Call Imp                 Summ           ##......     47%         2    None
 Poisonous Vapours        Pois/Air       ##....       47%         2    None
 Searing Ray              Conj           ##....       47%         2    None
 Throw Flame              Conj/Fire      ##....       47%         2    None
 Throw Frost              Conj/Ice       ##....       47%         2    None
 Spider Form              Tmut/Pois      ###.......   50%         3    None
 Death Channel            Necr           ######....   52%         6    ######.
 Ignite Poison            Fire/Tmut/Pois ###.....     56%         3    None
 Force Lance              Conj/Tloc      ####....     56%         4    ###....
 Fulminant Prism          Conj/Hex       ####......   56%         4    ###....
 Leda's Liquefaction      Hex/Erth       ####......   56%         4    ###....
 Iskenderun's Battlesphe  Conj/Chrm      #####...     63%         5    #####..
 Bolt of Draining         Conj/Necr      #####.....   69%         5    #####..
 Borgnjor's Vile Clutch   Necr/Erth      #####.....   69%         5    #####..
 Call Canine Familiar     Summ           ##......     71%         3    None
 Conjure Flame            Conj/Fire      ##......     71%         3    None
 Mephitic Cloud           Conj/Pois/Air  ##......     71%         3    None
 Static Discharge         Conj/Air       ##......     71%         3    None
 Stone Arrow              Conj/Erth      ##....       71%         3    None
 Ice Form                 Ice/Tmut       ###.....     86%         4    ###....
 Petrify                  Tmut/Erth      ###.....     86%         4    ###....
 Metabolic Englaciation   Hex/Ice        ####......   86%         5    #####..
 Silence                  Hex/Air        ####......   86%         5    #####..
 Summon Mana Viper        Hex/Summ       ####....     86%         5    #####..
 Darkness                 Hex            #####.....   87%         6    ######.
 Dispersal                Tloc           #####.....   87%         6    ######.
 Invisibility             Hex            #####...     87%         6    ######.
 Blade Hands              Tmut           ###.......   94%         5    #####..
 Airstrike                Air            ##........   96%         4    ###....
 Iskenderun's Mystic Bla  Conj           ##......     96%         4    ###....
 Sticky Flame             Conj/Fire      ##......     96%         4    ###....
 Summon Ice Beast         Ice/Summ       ##......     96%         4    ###....
 Summon Lightning Spire   Summ/Air       ##......     96%         4    ###....
 Throw Icicle             Conj/Ice       ##......     96%         4    ###....
 Alistair's Intoxication  Tmut/Pois      ###.....     99%         5    #####..
 Deflect Missiles         Chrm/Air       #####.....   99%         6    ######.
 Simulacrum               Ice/Necr       #####.....   99%         6    ######.
 Bolt of Magma            Conj/Fire/Erth ##........   100%        5    #####..
 Fireball                 Conj/Fire      ##........   100%        5    #####..
 Lee's Rapid Deconstruct  Erth           ##........   100%        5    #####..
 Lightning Bolt           Conj/Air       ##........   100%        5    #####..
 Summon Demon             Summ           ##........   100%        5    #####..
 Venom Bolt               Conj/Pois      ##........   100%        5    #####..
 Bolt of Cold             Conj/Ice       ##........   100%        6    ######.
 Bolt of Fire             Conj/Fire      ##........   100%        6    ######.
 Conjure Ball Lightning   Conj/Air       ##........   100%        6    ######.
 Freezing Cloud           Conj/Ice/Air   ##........   100%        6    ######.
 Iron Shot                Conj/Erth      ##........   100%        6    ######.
 Ozocubu's Refrigeration  Ice            ##........   100%        6    ######.
 Shadow Creatures         Summ           N/A          100%        6    ######.
 Statue Form              Tmut/Erth      ###......    100%        6    ######.
 Dragon Form              Tmut           ###.......   100%        7    #######
 Malign Gateway           Summ/Tloc      ####......   100%        7    #######
 Monstrous Menagerie      Summ           ##........   100%        7    #######
 Orb of Destruction       Conj           ##........   100%        7    #######
 Ring of Flames           Chrm/Fire      #####.....   100%        7    #######
 Spellforged Servitor     Conj/Summ      ##........   100%        7    #######
 Summon Greater Demon     Summ           ##........   100%        7    #######
 Summon Hydra             Summ           ##........   100%        7    #######
 Summon Horrible Things   Summ           ##........   100%        8    #######
 Dragon's Call            Summ           ##........   100%        9    #######
 Shatter                  Erth           ##........   100%        9    #######
 Tornado                  Air            ##........   100%        9    #######
 Blink                    Tloc           Unusable     N/A         2    N/A

Dungeon Overview and Level Annotations

Branches:
Dungeon (15/15)            Temple (1/1) D:5            Lair (6/6) D:11
 Shoals (4/4) Lair:4        Snake (4/4) Lair:3        Slime (5/5) Lair:6
    Orc (2/2) D:11            Elf (3/3) Orc:2        Vaults (5/5) D:14
  Crypt (3/3) Vaults:2       Tomb (3/3) Crypt:3      Depths (5/5) D:15
   Hell (1/1)                 Dis (0/7) Hell            Geh (0/7) Hell
    Coc (0/7) Hell            Tar (0/7) Hell            Zot (4/5) Depths:5

Altars:
Ashenzari
Cheibriados
Dithmenos
Elyvilon
Fedhas
Gozag
Hepliaklqana
Kikubaaqudgha
Makhleb
Nemelex Xobeh
Okawaru
Qazlal
Ru
Sif Muna
Trog
Uskayaw
Vehumet
Wu Jian
Xom
Yredelemnul
Zin
The Shining One
Beogh
Jiyva
Lugonu

Shops:
D:9 %   D:11 [   D:13 !   D:14 }!   Orc:1 [   Orc:2 %=*!   Shoals:1 *
Vaults:2 (   Depths:1 }??   Depths:3 [([   Depths:4 *[}?   Depths:5 }=}

Portals:
Hell: Depths:1 Depths:2 Depths:3 Depths:4 Depths:5
Abyss: Depths:1 Depths:2 Depths:3 Depths:4 Depths:5
Pandemonium: Depths:1 Depths:3 Depths:5
Ziggurat: Depths:1

Annotations:
D:3 1 exclusion
Shoals:4 exclusion: oklob plant
Snake:3 2 transporters, Tuffe's ghost, adept FoFi
Elf:1 6 runed translucent doors
Tomb:3 Boris


Innate Abilities, Weirdness & Mutations

You cannot be hasted, slowed, berserked, paralysed or teleported.
You can dig through walls and to a lower floor.
Your four strong arms can wield two-handed weapons with a shield.
You have a pair of large antennae on your head. (SInv)
You are surrounded by a mild repulsion field. (EV +2)
You are partially covered in icy blue scales. (AC +2)
You sometimes yell uncontrollably at your foes.
Your spells are a little harder to cast, but a little more powerful.


Message History

The ynoxinul gestures.
Boris hits you but does no damage. Boris misses you.
The ushabti enters a dispersal trap!
The Hell Sentinel blinks!
The fire giant skeleton blinks!
The ufetubus blinks!
The mummy priest blinks!
The ushabti blinks!
The ufetubus blinks!
The ushabti blinks!
The mummy blinks!
The neqoxec blinks!
The ufetubus blinks!
The ynoxinul blinks!
The mummy blinks!
The guardian mummy blinks!
The ufetubus blinks!
The shadow blinks!
The storm dragon zombie blinks!
The ufetubus blinks!
The flayed ghost blinks!
The hungry ghost blinks!
The ushabti blinks!
The guardian mummy blinks!
The mummy blinks!
The ushabti blinks!
The ufetubus blinks! x3
The guardian mummy is engulfed in seething chaos.
The guardian mummy looks momentarily listless.
You block the guardian mummy's attack.
You feel much better. You block the ufetubus's attack. x2
The greater mummy casts a spell.
You block the troll zombie's attack. The troll zombie completely misses you.
The troll zombie closely misses you.
The ynoxinul gestures.
The reaper hits you from afar with a +4 scythe of flaming!!
You die...

*,,,,,,,,,,<**,,,,,,,,,,**<,,,,,,
,,,,,,,,,,...**5M..§5§8**,,,,,,,,
,,,,,,,,,,,...*#W55§.Z#*,,,,,,,,,
,,,,,,,,,,,,$.*#MW58.M#*,,,,,,,,,
,,,,,,,,,,,,,..#MMW.§8#,.,,,,,,,,
,,,,,,,,,,,,,,.#55MZ§.#M.,,,,,,,,
*,,,,,,,,,,,,{{MWLM5§§{.,,,,,,,,,
**,,,,,,,,,,,,{#M2384.#,,,,,,,,,,
**,,,,,,,,,,,,#@L1M..#,,,,,,,,,,
**,,,,,,,,,,*#5Z5§{.#*,,,,,,,,,
**,,,,,,,,,*#24§§..#*,,,,,,,,*
**,,,,,,,**#......#**,,,,,,**
**,,,,,** #$.{{.{# **,,,,**
******* ######## ******


You could see a greater mummy, Boris (invisible), an ancient lich (invisible), a
Brimstone Fiend, 2 reapers, a mummy priest, 2 flayed ghosts, 2 guardian mummies,
2 ushabtiu, an ice devil, a hungry ghost, a ynoxinul, a wraith, 3 mummies, 9
ufetubi, a storm dragon zombie, a troll zombie and a fire giant skeleton.

Vanquished Creatures
  the Royal Jelly (Slime:5)
  Khufu (Crypt:3)
  Mennas (Vaults:4)
  Mara (Tomb:1)
  An ancient lich (Crypt:3)
  Boris (Depths:5)
  23 greater mummies
  5 caustic shrikes (Depths:5)
  Geryon (Hell)
  Xtahua (Vaults:5)
  2 curse toes
  5 golden dragons
  Jory (Vaults:5)
  A profane servitor (Abyss:2)
  5 bone dragons
  A shard shrike zombie (Crypt:1)
  An electric golem (Zot:1)
  A hellephant (Abyss:2)
  7 liches
  22 tentacled monstrosities
  2 titans (Vaults:5)
  Asterion (Snake:4)
  30 acid blobs
  4 deep elf blademasters
  6 quicksilver dragons
  12 death cobs
  4 ancient champions
  14 sphinxes
  6 tentacled starspawn
  10 tengu reavers
  An Executioner (Abyss:3)
  A thorn hunter (Abyss:3)
  16 draconian monks
  12 azure jellies
  12 storm dragons
  9 nagarajas
  10 shadow dragons
  An azure jelly (shapeshifter) (Vaults:5)
  4 revenants
  8 daevas
  15 frost giants
  5 deep elf sorcerers (Elf:3)
  8 iron dragons
  11 fire giants
  Louise (Depths:3)
  15 vault wardens
  6 draconian knights
  4 balrugs
  2 cacodemons
  12 large abominations
  2 orc warlords
  5 draconian shifters
  A juggernaut zombie (Depths:4)
  8 draconian scorchers
  5 draconian stormcallers
  2 spriggan defenders
  21 ironheart preservers
  4 reapers (Hell)
  A caustic shrike skeleton (Crypt:2)
  9 angels
  5 war gargoyles
  6 draconian annihilators
  39 very ugly things
  A juggernaut skeleton (Vaults:4)
  26 stone giants
  An entropy weaver (Vaults:5)
  4 green draconians
  4 vampire knights
  9 deep elf demonologists
  A deep elf annihilator (Elf:3)
  10 black draconians
  A dire elephant (Abyss:3)
  7 bennus
  9 spark wasps
  10 purple draconians
  2 eidola
  8 white draconians
  8 yellow draconians
  13 red draconians
  15 ettins
  6 merfolk javelineers
  Snorg (D:11)
  4 blizzard demons
  12 mummy priests
  3 crystal guardians (Crypt:3)
  12 great orbs of eyes
  9 death oozes
  10 yaktaur captains
  6 deep elf death magi
  7 merfolk impalers
  12 fire dragons
  5 jiangshi
  9 deep elf high priests
  8 ice dragons
  21 naga warriors
  Fannar (D:12)
  A juggernaut simulacrum (Vaults:4)
  12 hydras
  13 rakshasas
  7 spriggan air magi
  17 anacondas
  3 ghost crabs (Vaults:4)
  8 centaur warriors
  31 vault guards
  6 catoblepae
  13 deep troll shamans
  70 two-headed ogres
  A merfolk avatar (Lair:6)
  4 death knights
  4 vampire magi
  A satyr (Abyss:3)
  3 merfolk aquamancers (Shoals:4)
  3 alligator snapping turtles
  19 deep troll earth magi
  22 ogre magi
  30 death scarabs
  8 tengu warriors
  31 dancing weapons
  4 hell hogs (Hell)
  2 titan zombies (Crypt:3)
  6 orc high priests
  13 naga sharpshooters
  5 thrashing horrors
  2 soul eaters (Hell)
  2 spriggan berserkers
  8 shock serpents
  4 sun demons
  A sixfirhy (Hell)
  5 wretched stars
  28 deep elf knights
  4 spatial maelstroms
  2 golden dragon zombies
  7 glowing orange brains
  19 hell knights
  2 salamander mystics
  The ghost of p0werm0de the Fighter, a novice OpWn (D:8)
  20 skeletal warriors
  4 iron trolls
  4 shadow wraiths
  7 unseen horrors
  50 deep trolls
  4 death drakes
  A torturous demonspawn (Depths:5)
  7 flayed ghosts
  4 swamp dragons (Lair:5)
  17 sea snakes
  5 wizards
  2 anaconda zombies
  7 naga ritualists
  17 ironbrand convokers
  A lindwurm (shapeshifter) (Vaults:1)
  4 phantasmal warriors
  Pikel (D:8)
  14 deep elf archers
  28 orc knights
  7 lindwurms (Depths:5)
  2 anaconda skeletons (Hell)
  12 harpies
  12 necromancers
  3 wolf spiders
  A tengu skeleton (Vaults:4)
  5 oklob plants
  An orb spider (shapeshifter) (Vaults:3)
  6 mana vipers
  5 orc sorcerers
  A cyclops (shapeshifter) (Vaults:5)
  9 fauns
  71 deep elf magi
  5 salamanders (Snake:1)
  12 manticores
  44 ugly things
  15 cyclopes
  6 shining eyes
  10 merfolk sirens
  A frost giant skeleton (Depths:4)
  5 worldbinders
  4 elephants
  Maurice (D:8)
  An apocalypse crab (Abyss:2)
  20 moths of wrath
  A salamander (shapeshifter) (D:15)
  An elephant (shapeshifter) (Abyss:2)
  3 centaur zombies (D:14)
  A guardian serpent (shapeshifter) (Depths:2)
  A shock serpent zombie (Crypt:3)
  4 orange demons
  4 water nymphs
  19 naga magi
  Joseph (D:8)
  A stone giant skeleton (Abyss:2)
  A black mamba (shapeshifter) (D:14)
  27 black mambas
  A dire elephant zombie (Crypt:3)
  15 guardian serpents
  16 vault sentinels
  A torpor snail (shapeshifter) (Vaults:4)
  4 ice statues
  A torpor snail (Lair:6)
  5 gargoyles (Abyss:4)
  5 rust devils
  6 smoke demons
  9 spiny frogs
  An eye of devastation (shapeshifter) (Vaults:5)
  Psyche (D:8)
  A hellion (Hell)
  A dire elephant skeleton (Tomb:2)
  A molten gargoyle (Depths:1)
  A death yak zombie (Crypt:2)
  3 eyes of devastation
  An elf skeleton (Vaults:4)
  2 efreet
  2 kobold demonologists (D:15)
  2 demonic crawlers (Abyss:4)
  9 komodo dragons
  3 ancient zymes
  50 yaktaurs
  A yaktaur (shapeshifter) (Vaults:3)
  5 tengu conjurers
  15 rime drakes
  34 guardian mummies
  A golden dragon simulacrum (Depths:4)
  4 hydra zombies
  A tormentor (Abyss:2)
  14 freezing wraiths
  A hellwing (Depths:5)
  5 red devils
  An anaconda simulacrum (Vaults:4)
  2 black draconian skeletons
  2 ice devils
  19 merfolk
  12 trolls
  A polar bear (shapeshifter) (Depths:5)
  6 catoblepas skeletons (Abyss:4)
  A queen bee (Depths:2)
  A queen bee (shapeshifter) (Depths:1)
  3 polar bears (Lair:6)
  10 wind drakes
  16 raiju
  10 hornets
  A sphinx simulacrum (Vaults:4)
  7 dream sheep
  180 slime creatures
  An elf zombie (Vaults:5)
  2 hydra skeletons
  Prince Ribbit (D:5)
  A blink frog (shapeshifter) (D:9)
  2 snapping turtles
  A death drake skeleton (Crypt:1)
  A meliai zombie (Crypt:1)
  3 human simulacra
  2 frost giant simulacra
  4 blink frogs (Lair:4)
  18 hippogriffs
  15 small abominations
  An ettin skeleton (Crypt:3)
  48 flying skulls
  Sigmund (D:5)
  A jumping spider zombie (Crypt:2)
  A black mamba zombie (Crypt:3)
  2 redbacks (Vaults:5)
  A vampire (D:15)
  6 ynoxinuls
  3 shadows
  A tarantella (Vaults:5)
  2 alligator skeletons (Hell)
  20 water elementals
  5 air elementals
  7 wyverns
  33 yaks
  4 fire bats (Depths:1)
  7 wraiths
  2 yaks (shapeshifter)
  2 humans (shapeshifter)
  7 fire elementals
  8 ushabtiu
  5 steam dragons (Lair:2)
  A chaos spawn (Abyss:4)
  A neqoxec (Abyss:4)
  2 basilisks
  7 golden eyes
  A steam dragon (shapeshifter) (Vaults:5)
  6 vampire mosquitoes
  3 spatial vortices
  4 hungry ghosts
  2 harpy simulacra (Vaults:4)
  A human zombie (Depths:4)
  A water nymph zombie (Crypt:1)
  10 wargs
  47 nagas
  3 acid dragons
  16 water moccasins
  A spiny frog zombie (Hell)
  Duvessa (D:6)
  2 hell hounds (Lair:2)
  2 swamp drakes (Depths:5)
  7 porcupines
  A floating eye (Slime:4)
  A slave (D:8)
  3 hornet zombies
  61 orc warriors
  3 sky beasts
  4 ice beasts
  2 spiny frog skeletons
  5 black bears
  A sky beast (shapeshifter) (D:15)
  6 necrophages (Crypt:3)
  8 wolves
  10 boggarts
  2 phantoms
  A black mamba simulacrum (Vaults:4)
  11 eyes of draining
  An ogre (shapeshifter) (Vaults:4)
  18 centaurs
  A swamp dragon skeleton (Crypt:3)
  38 ogres
  A boggart (shapeshifter) (D:14)
  An elf simulacrum (Vaults:4)
  9 crocodiles
  10 big kobolds
  A draconian zombie (Crypt:2)
  Blork the orc (D:5)
  18 bullfrogs
  8 earth elementals
  A glowing shapeshifter simulacrum (Vaults:5)
  2 spiny frog simulacra (Hell)
  A scorpion (D:7)
  Dowan (D:6)
  32 killer bees
  A troll skeleton (Crypt:2)
  27 wights
  A howler monkey (D:14)
  3 electric eels (Lair:6)
  9 crimson imps
  3 bullfrog zombies
  2 quasits
  A yaktaur simulacrum (Vaults:1)
  15 starcursed masses (Abyss:4)
  5 bullfrog skeletons
  7 jellies
  A gnoll shaman (D:9)
  4 hounds
  25 orc priests
  Crazy Yiuf (D:5)
  10 centaur skeletons
  An iron imp (Abyss:2)
  A black bear skeleton (Crypt:1)
  26 orc wizards
  4 iguanas
  3 troll simulacra (Vaults:4)
  14 worker ants
  3 hound skeletons
  25 mummies
  2 worker ant zombies
  Robin (D:2)
  21 gnolls
  A howler monkey zombie (Crypt:1)
  18 adders
  An adder (shapeshifter) (D:15)
  A naga simulacrum (Vaults:4)
  A river rat (Sewer)
  7 shadow imps
  9 oozes
  2 adder skeletons (D:9)
  3 worms
  A dart slug (D:1)
  7 leopard geckos
  96 orcs
  3 ball pythons
  4 giant cockroaches
  20 goblins
  9 hobgoblins
  7 jackals
  6 quokkas
  11 bats
  3 frilled lizards (D:1)
  A hobgoblin skeleton (Crypt:1)
  A jackal skeleton (D:5)
  17 kobolds
  A quokka skeleton (D:8)
  10 rats
  A river rat skeleton (Crypt:2)
  A butterfly (Lair:3)
  5 crawling corpses
  2 fungi
  A lurking horror (Abyss:4)
  A macabre mass (Vaults:4)
  11 plants
  8 starspawn tentacles
3208 creatures vanquished.

Vanquished Creatures (collateral kills)
  A stone giant (Orc:2)
  A hippogriff (D:13)
2 creatures vanquished.

Vanquished Creatures (others)
  A caustic shrike (Depths:2)
  Nikola (Snake:3)
  2 deep elf master archers (Elf:3)
  A sphinx (Tomb:1)
  An iron dragon (Depths:2)
  2 stone giants
  2 yaktaur captains
  2 vault guards (Vaults:5)
  A satyr (Shoals:3)
  3 centaur warriors (Depths:2)
  An ogre mage (Depths:2)
  A hell hog (Hell)
  A spriggan berserker (Depths:2)
  2 deep trolls (Depths:2)
  3 deep elf archers
  A phantasmal warrior (Vaults:5)
  A faun (Shoals:3)
  A deep elf mage (Elf:2)
  A salamander (Snake:3)
  A naga mage (Snake:3)
  A rime drake (Lair:2)
  2 guardian mummies (Tomb:2)
  19 yaktaurs
  A catoblepas skeleton (Abyss:4)
  2 spriggans
  A fire elemental (Hell)
  A naga (Snake:4)
  A warg (Vaults:4)
  An acid dragon (D:15)
  A sky beast (D:8)
  3 slaves (D:8)
  A necrophage (Crypt:3)
  5 centaurs
  An orc wizard (Orc:2)
  A mummy (Tomb:2)
  2 orcs
  11 fungi
  52 plants
  6 starspawn tentacles
141 creatures vanquished.

Grand Total: 3351 creatures vanquished

Notes
Turn   | Place    | Note
-------+----------+-------------------------------------------
     0 | D:1      | erker the Formicid Monk began the quest for the Orb.
     0 | D:1      | Reached XP level 1. HP: 18/18 MP: 1/1
   213 | D:1      | Reached XP level 2. HP: 18/24 MP: 2/2
   517 | D:1      | Reached skill level 4 in Axes
   517 | D:1      | Reached XP level 3. HP: 29/29 MP: 3/3
   852 | D:2      | Noticed Robin
  1029 | D:2      | Killed Robin
  1029 | D:2      | Reached XP level 4. HP: 34/35 MP: 4/4
  1387 | D:2      | Reached skill level 1 in Armour
  1904 | D:2      | Reached XP level 5. HP: 42/42 MP: 5/5
  2303 | D:3      | Reached skill level 5 in Axes
  2375 | D:3      | Found a glowing drain.
  2447 | Sewer    | Entered a sewer
  2464 | Sewer    | Noticed a big kobold
  2491 | Sewer    | Killed a big kobold
  2491 | Sewer    | Reached XP level 6. HP: 44/48 MP: 6/6
  3225 | Sewer    | Reached XP level 7. HP: 51/55 MP: 7/7
  3398 | Sewer    | Reached skill level 6 in Axes
  4281 | D:3      | Found a deep blue altar of Sif Muna.
  4700 | D:4      | Reached XP level 8. HP: 58/61 MP: 8/8
  4838 | D:4      | Reached skill level 5 in Fighting
  4838 | D:4      | Reached skill level 5 in Armour
  5354 | D:4      | Found a shattered altar of Ashenzari.
  5740 | D:5      | Entered Level 5 of the Dungeon
  5854 | D:5      | Found a staircase to the Ecumenical Temple.
  5858 | D:5      | Noticed Prince Ribbit
  5860 | D:5      | Noticed Sigmund
  6021 | Temple   | Entered the Ecumenical Temple
  6133 | Temple   | Became a worshipper of Cheibriados the Contemplative
  6133 | Temple   | Reached * piety under Cheibriados
  6133 | Temple   | Reached ** piety under Cheibriados
  6240 | D:5      | Noticed Blork the orc
  6276 | D:5      | Killed Blork the orc
  6427 | D:5      | Killed Prince Ribbit
  6427 | D:5      | Reached skill level 7 in Axes
  6427 | D:5      | Reached skill level 1 in Invocations
  6629 | D:5      | Killed Sigmund
  6798 | D:5      | Reached XP level 9. HP: 55/68 MP: 7/10
  6890 | D:5      | Found a runed translucent door.
  6891 | D:5      | Noticed Crazy Yiuf
  6903 | D:5      | Killed Crazy Yiuf
  7333 | D:6      | Reached skill level 8 in Axes
  7518 | D:6      | Found a burning altar of Makhleb.
  7521 | D:6      | Noticed a green death
  7629 | D:6      | Reached *** piety under Cheibriados
  7660 | D:6      | Found a blossoming altar of Fedhas.
  7706 | D:6      | Noticed Dowan
  7706 | D:6      | Noticed Duvessa
  7726 | D:6      | Killed Dowan
  7729 | D:6      | Killed Duvessa
  7772 | D:6      | Got a pitted shield
  7779 | D:6      | Identified the +2 shield "Qalieh" {Int+2} (You found it on
                  | level 6 of the Dungeon)
  8115 | D:7      | Reached skill level 1 in Shields
  8120 | D:7      | Found a stormy altar of Qazlal.
  8433 | D:7      | Found a glowing silver altar of Zin.
  8435 | D:7      | Noticed an angel
  8439 | D:7      | Found a shimmering altar of Xom.
  8757 | D:8      | Reached skill level 9 in Axes
  8762 | D:8      | Reached XP level 10. HP: 65/77 MP: 4/13
  8819 | D:8      | Noticed Joseph
  8833 | D:8      | Killed Joseph
  8833 | D:8      | Reached skill level 5 in Invocations
  8833 | D:8      | Reached **** piety under Cheibriados
  8872 | D:8      | Noticed Maurice
  8920 | D:8      | Noticed a two-headed ogre
  8934 | D:8      | Killed a two-headed ogre
  8956 | D:8      | Killed Maurice
  8956 | D:8      | Reached skill level 10 in Axes
  8956 | D:8      | Reached skill level 5 in Shields
  9114 | D:8      | Noticed Pikel
  9117 | D:8      | HP: 3/77 [acid (12)]
  9119 | D:8      | Noticed Psyche
  9121 | D:8      | Killed Pikel
  9130 | D:8      | Killed Psyche
  9609 | D:8      | Noticed a two-headed ogre
  9616 | D:8      | Killed a two-headed ogre
  9616 | D:8      | Reached XP level 11. HP: 75/84 MP: 13/15
 10028 | D:8      | Found a runed translucent door.
 10028 | D:8      | Noticed p0werm0de's ghost (novice OpWn)
 10055 | D:8      | Noticed a two-headed ogre
 10060 | D:8      | Killed a two-headed ogre
 10159 | D:8      | Reached skill level 11 in Axes
 10364 | D:9      | Reached ***** piety under Cheibriados
 10422 | D:9      | Found Meamowia's Food Boutique.
 10534 | D:9      | Found an iron altar of Okawaru.
 10759 | D:9      | Noticed a white ugly thing
 10770 | D:9      | Noticed a moth of wrath
 10773 | D:9      | You fall through a shaft!
 10773 | D:10     | Entered Level 10 of the Dungeon
 10828 | D:10     | Noticed a two-headed ogre
 10834 | D:10     | Killed a two-headed ogre
 10834 | D:10     | Reached XP level 12. HP: 49/92 MP: 6/17
 11292 | D:9      | Learned a level 1 spell: Beastly Appendage
 11349 | D:9      | Reached skill level 1 in Evocations
 11416 | D:9      | Found a sacrificial altar of Ru.
 11555 | D:9      | Reached skill level 1 in Transmutations
 12223 | D:11     | Reached skill level 12 in Axes
 12346 | D:11     | Noticed a five-headed hydra
 12347 | D:11     | Noticed Snorg
 12350 | D:11     | Reached ****** piety under Cheibriados
 12362 | D:11     | Killed a five-headed hydra
 12378 | D:11     | You fall through a shaft for 2 floors!
 12951 | D:12     | Noticed Fannar
 12978 | D:12     | Killed Fannar
 12978 | D:12     | Reached XP level 13. HP: 63/101 MP: 19/19
 13220 | D:12     | Noticed an eight-headed hydra
 13222 | D:11     | Found a staircase to the Orcish Mines.
 13227 | D:11     | You fall through a shaft for 3 floors!
 13235 | D:14     | Reached skill level 13 in Axes
 13427 | D:11     | Killed Snorg
 13436 | D:11     | Reached skill level 5 in Evocations
 13541 | D:11     | Found Keocoh's Armour Boutique.
 13649 | D:11     | Found a staircase to the Lair.
 13896 | D:12     | Killed an eight-headed hydra
 13936 | D:12     | Found a basalt altar of Yredelemnul.
 14499 | D:13     | Found Rikhupha's Distillery.
 14789 | D:14     | Reached skill level 14 in Axes
 14805 | D:14     | Learned a level 3 spell: Vampiric Draining
 14966 | D:14     | Reached skill level 10 in Fighting
 15079 | D:14     | Found Ushalium's Gadget Shoppe.
 15239 | D:14     | Noticed a centaur warrior
 15336 | D:14     | Noticed a centaur warrior
 15347 | D:14     | Killed a centaur warrior
 15378 | D:14     | Killed a centaur warrior
 15378 | D:14     | Reached XP level 14. HP: 98/110 MP: 15/20
 15704 | D:13     | Reached skill level 15 in Axes
 16090 | Orc:1    | Entered Level 1 of the Orcish Mines
 16260 | Orc:1    | Reached skill level 1 in Necromancy
 16502 | Orc:1    | Found a roughly hewn altar of Beogh.
 16618 | Orc:1    | Found Esaivekk's Armour Emporium.
 16691 | Orc:1    | Found a roughly hewn altar of Beogh.
 16991 | Orc:2    | Entered Level 2 of the Orcish Mines
 17059 | Orc:2    | Found a staircase to the Elven Halls.
 17098 | Orc:2    | Noticed a stone giant
 17104 | Orc:2    | Killed a stone giant
 17198 | Orc:2    | Noticed Sonja
 17206 | Orc:2    | Noticed Sonja
 17206 | Orc:2    | Sonja changed into Sonja the sky beast
 17208 | Orc:2    | Killed Sonja the sky beast
 17648 | Orc:2    | Found a roughly hewn altar of Beogh.
 18127 | Orc:2    | Reached skill level 10 in Armour
 18283 | Orc:2    | Reached XP level 15. HP: 71/119 MP: 21/21
 18294 | Orc:2    | Reached skill level 1 in Crossbows
 18294 | Orc:2    | Reached skill level 1 in Spellcasting
 18458 | Orc:2    | Found Wuukhuej's Distillery.
 18458 | Orc:2    | Found Maumue's Food Emporium.
 18461 | Orc:2    | Found Fageyx's Assorted Antiques.
 18461 | Orc:2    | Found Inim's Jewellery Emporium.
 18474 | Orc:2    | Bought a cursed amulet of inaccuracy for 34 gold pieces
 18479 | Orc:2    | Bought a potion of heal wounds for 80 gold pieces
 18479 | Orc:2    | Bought a potion of heal wounds for 80 gold pieces
 18486 | Orc:2    | Bought an uncursed ring of poison resistance for 340 gold
                  | pieces
 18713 | Lair:1   | Entered Level 1 of the Lair of Beasts
 18862 | Lair:1   | Found the +15 Maxwell's patent armour {-Cast -Tele rElec
                  | MR+ rCorr}
 20205 | Lair:2   | Found a dark tunnel.
 20222 | Volcano  | Entered a volcano
 20645 | Lair:2   | Reached skill level 16 in Axes
 21016 | Lair:2   | Got a crystal shortbow
 21918 | Lair:3   | Found a staircase to the Snake Pit.
 22653 | Lair:4   | Found a staircase to the Shoals.
 23367 | Lair:4   | Got a jewelled scale mail
 23899 | Lair:5   | Found a transporter.
 23944 | Lair:5   | Found an ancient bone altar of Kikubaaqudgha.
 23955 | Lair:5   | Identified the +6 scale mail of Sudewo {MR+ MP+9 Int-4
                  | SInv} (You found it on level 4 of the Lair of Beasts)
 24018 | Lair:5   | Reached XP level 16. HP: 126/127 MP: 22/22
 24028 | Lair:5   | Learned a level 2 spell: Passwall
 24244 | Lair:5   | Found a transporter.
 24609 | Lair:6   | Entered Level 6 of the Lair of Beasts
 25149 | Lair:6   | Reached skill level 5 in Dodging
 25245 | Lair:6   | Found a staircase to the Slime Pits.
 25552 | Lair:6   | Reached skill level 17 in Axes
 26037 | Snake:1  | Entered Level 1 of the Snake Pit
 26976 | Snake:1  | Reached skill level 5 in Crossbows
 27007 | Snake:1  | Reached skill level 10 in Shields
 27049 | Snake:1  | Reached XP level 17. HP: 89/135 MP: 23/23
 27456 | Snake:1  | Got a wizard robe
 27467 | Snake:1  | Identified the +2 robe of Huitehun {rN+} (You found it on
                  | level 1 of the Snake Pit)
 28442 | Snake:2  | Found a sparkling altar of Nemelex Xobeh.
 28449 | Snake:2  | Got an ichor-stained leather armour
 28563 | Snake:2  | Identified the +1 leather armour of Entitlement {rElec}
                  | (You found it on level 2 of the Snake Pit)
 29292 | Snake:3  | Noticed Tuffe's ghost (adept FoFi)
 29294 | Snake:3  | Found a transporter.
 29294 | Snake:3  | Found a bloodstained altar of Trog.
 29387 | Snake:3  | Found a transporter.
 29405 | Snake:3  | Identified the cursed +2 broad axe of Disharmony {holy, rN+
                  | MP+9 Str+2 Dex+2}
 29819 | Snake:3  | Noticed Nikola
 29830 | Snake:3  | Killed Nikola
 29845 | Snake:3  | Reached skill level 18 in Axes
 30083 | Snake:3  | Identified the +9 hand axe of the Salmon {freeze, rN++}
 30246 | Snake:4  | Entered Level 4 of the Snake Pit
 30288 | Snake:4  | Reached XP level 18. HP: 44/143 MP: 24/24
 30646 | Snake:4  | Noticed Asterion
 30659 | Snake:4  | Killed Asterion
 31203 | Snake:4  | Reached skill level 15 in Armour
 31988 | Snake:4  | Got a serpentine rune of Zot
 32309 | Shoals:1 | Entered Level 1 of the Shoals
 32457 | Shoals:1 | Found Voaso's Assorted Antiques.
 33447 | Shoals:2 | Reached XP level 19. HP: 151/151 MP: 25/25
 34948 | Shoals:4 | Entered Level 4 of the Shoals
 34998 | Shoals:4 | Reached skill level 19 in Axes
 35547 | Shoals:4 | Identified the cursed +1 great sword of Atululo {drain,
                  | *Drain Str+3 Dex+2}
 35871 | Shoals:4 | Got a brightly glowing platinum ring
 35931 | Shoals:4 | Got a polished arbalest
 35952 | Shoals:4 | Identified the ring of Mexel {*Corrode rPois Str+7 SInv}
                  | (You found it on level 4 of the Shoals)
 35959 | Shoals:4 | Identified the +0 arbalest "Muehasch" {venom, -Tele rN+
                  | Str+4} (You found it on level 4 of the Shoals)
 36385 | Shoals:4 | Got a barnacled rune of Zot
 36499 | Shoals:2 | Got an opalescent robe
 36510 | Shoals:2 | Identified the +5 robe of the Lonely Coins {rF+} (You found
                  | it on level 2 of the Shoals)
 36956 | D:14     | Found Idiuv's Distillery.
 36978 | D:14     | Bought a potion of heal wounds for 75 gold pieces
 36978 | D:14     | Bought a potion of heal wounds for 75 gold pieces
 36978 | D:14     | Bought a potion of heal wounds for 75 gold pieces
 36978 | D:14     | Bought a potion of heal wounds for 75 gold pieces
 36978 | D:14     | Bought a potion of heal wounds for 75 gold pieces
 37008 | D:14     | Found a gate to the Vaults.
 37153 | Vaults:1 | Entered Level 1 of the Vaults
 37153 | Vaults:1 | Found an ancient bone altar of Kikubaaqudgha.
 37286 | Vaults:1 | Reached XP level 20. HP: 127/160 MP: 26/26
 37335 | Vaults:1 | Noticed a tentacled monstrosity
 37342 | Vaults:1 | Killed a tentacled monstrosity
 37369 | Vaults:1 | Reached skill level 10 in Crossbows
 38575 | Vaults:2 | Reached skill level 20 in Axes
 38926 | Vaults:2 | Noticed a bone dragon
 38943 | Vaults:2 | Killed a bone dragon
 38943 | Vaults:2 | Reached XP level 21. HP: 120/166 MP: 28/28
 38981 | Vaults:2 | Identified the +5 halberd "Dolisaar" {flame, rElec MR++}
 38997 | Vaults:2 | Reached skill level 21 in Axes
 39092 | Vaults:2 | Found a staircase to the Crypt.
 39690 | Vaults:2 | Reached skill level 15 in Shields
 39828 | Vaults:2 | Found Toaphe's Weapon Shop.
 39956 | Vaults:2 | Reached skill level 15 in Fighting
 40161 | Vaults:2 | Reached skill level 10 in Evocations
 41775 | Vaults:3 | Reached XP level 22. HP: 143/178 MP: 29/29
 42206 | Elf:1    | Entered Level 1 of the Elven Halls
 42727 | Elf:1    | Found a runed translucent gate.
 42727 | Elf:1    | Found a runed translucent gate.
 42727 | Elf:1    | Found a runed translucent gate.
 42727 | Elf:1    | Found a runed translucent gate.
 42727 | Elf:1    | Found a runed translucent gate.
 42729 | Elf:1    | Found a runed translucent gate.
 42734 | Elf:1    | Got a distressingly furry chain mail
 42745 | Elf:1    | Identified the +1 chain mail of the Beggar {rC+ MR- Int+4}
                  | (You found it on level 1 of the Elven Halls)
 43827 | Elf:2    | Identified the Incunabulum of the Entourage
 43927 | Elf:2    | Found a runed translucent gate.
 43927 | Elf:2    | Found a runed translucent gate.
 43928 | Elf:2    | Found a runed translucent gate.
 44708 | Elf:3    | Entered Level 3 of the Elven Halls
 44947 | Elf:3    | Reached XP level 23. HP: 174/187 MP: 30/30
 45382 | Elf:3    | Identified the +7 glaive of Exoneration {flame, Dex+2}
 45393 | Elf:3    | Identified the +3 scale mail "Piash" {Dex+2}
 45538 | Elf:3    | Found the +6 arbalest "Damnation" {damnation}
 45543 | Elf:3    | Identified the Papyrus of Spatial Feathers
 45557 | Elf:3    | Identified the Handbook of Excruciating Earth
 45622 | Elf:3    | Identified the amulet of the Cuttlefish {Harm -Tele
                  | *Corrode *Drain rElec Dex+9}
 45667 | Elf:3    | Identified the cursed -5 buckler of the Poles {rElec rF++
                  | rC+ Int-2}
 46175 | Vaults:4 | Noticed Mennas
 46197 | Vaults:4 | Killed Mennas
 47268 | Vaults:4 | Identified Sure's Incunabulum of the Snowflakes
 47431 | Vaults:4 | Reached XP level 24. HP: 79/198 MP: 30/30
 47463 | Vaults:4 | Identified the Incunabulum of Evil
 48073 | Vaults:4 | Identified Cohar's Volume of Beguiling
 48531 | Vaults:5 | Entered Level 5 of the Vaults
 48931 | Vaults:5 | Found the +2 robe of Vines {NoPotionHeal Regen+7}
 49000 | Vaults:5 | Reached XP level 25. HP: 137/208 MP: 30/30
 49184 | Vaults:5 | Noticed Jory
 49191 | Vaults:5 | Killed Jory
 49549 | Vaults:5 | Noticed Xtahua
 49556 | Vaults:5 | Killed Xtahua
 49631 | Vaults:5 | Found the +9 staff of Wucad Mu {channel}
 49951 | Vaults:5 | Identified the +10 long sword of Kidurgh {pain, Dex+4}
 50010 | Vaults:5 | Identified the +3 war axe "Killer Bee's Doom" {elec, +Inv
                  | rElec Int+2}
 50333 | Vaults:5 | Identified the Grimoire of Helpful Snow
 50354 | Vaults:5 | Got a pair of transparent boots
 50365 | Vaults:5 | Identified the +2 pair of boots "Qumulit" {*Corrode Str+2
                  | Dex+2} (You found it on level 5 of the Vaults)
 50391 | Vaults:5 | Got a silver rune of Zot
 50820 | Vaults:5 | Got a transparent steel ring
 50906 | Vaults:5 | Got a translucent bronze ring
 51020 | Vaults:5 | Identified the ring "Wevater" {Wiz rN+ Dex+3} (You found it
                  | on level 5 of the Vaults)
 51022 | Vaults:5 | Identified the ring "Faar" {MR+ Dex+2 Stlth+} (You found it
                  | on level 5 of the Vaults)
 51253 | Lair:1   | Identified a scroll of acquirement
 51315 | Lair:1   | Learned a level 3 spell: Portal Projectile
 51422 | Slime:1  | Entered Level 1 of the Pits of Slime
 51487 | Slime:1  | Gained mutation: You occasionally shout uncontrollably at
                  | your foes. [a shining eye]
 52244 | Slime:3  | Reached XP level 26. HP: 179/220 MP: 30/30
 52328 | Slime:3  | Gained mutation: Armour fits poorly on your strangely
                  | shaped body. [a shining eye]
 53876 | Slime:5  | Entered Level 5 of the Pits of Slime
 54306 | D:14     | Bought a wand of clouds (5) for 513 gold pieces
 54685 | Slime:5  | Reached skill level 22 in Axes
 54904 | Slime:5  | Gained mutation: You sometimes yell uncontrollably at your
                  | foes. [a shining eye]
 54905 | Slime:5  | Gained mutation: You are frail. (-10% HP) [a shining eye]
 55527 | Slime:5  | Found a viscous altar of Jiyva.
 55955 | Slime:5  | Noticed the Royal Jelly
 55965 | Slime:5  | Killed the Royal Jelly
 55986 | Slime:5  | Identified the Volume of Aid and the Frostbite
 55991 | Slime:5  | Learned a level 2 spell: Song of Slaying
 56000 | Slime:5  | Got a twisted plate armour
 56010 | Slime:5  | Identified the Disquisition on Slavery
 56048 | Slime:5  | Identified the Compendium of Transformation and Calling
 56051 | Slime:5  | Got a slimy rune of Zot
 56112 | Slime:5  | Identified Biogra's Reference Book on the Rocks and
                  | Moulding
 56132 | Slime:5  | Got a pair of scorched boots
 56143 | Slime:5  | Identified the +2 pair of boots of Exclusion {Str+6} (You
                  | found it on level 5 of the Pits of Slime)
 56156 | Slime:5  | Got a smelly plate armour
 56606 | Lair:1   | Identified the cursed +0 plate armour "Oduluadi" {Dex+2}
                  | (You found it on level 5 of the Pits of Slime)
 56606 | Lair:1   | Identified the cursed +1 plate armour "Ten Zuor" {rF- MR+
                  | Dex+3} (You found it on level 5 of the Pits of Slime)
 56858 | Temple   | Fell from the grace of Cheibriados
 56858 | Temple   | Became a worshipper of the Shining One
 57155 | D:8      | Killed p0werm0de's ghost
 57466 | Crypt:1  | Entered Level 1 of the Crypt
 57478 | Crypt:1  | Reached * piety under the Shining One
 57541 | Crypt:1  | Reached skill level 1 in Charms
 58065 | Crypt:1  | Reached ** piety under the Shining One
 58534 | Crypt:2  | Reached *** piety under the Shining One
 58677 | Crypt:2  | Reached **** piety under the Shining One
 58915 | Crypt:2  | Reached XP level 27. HP: 205/205 MP: 30/30
 59184 | Crypt:3  | Entered Level 3 of the Crypt
 59184 | Crypt:3  | Reached ***** piety under the Shining One
 59189 | Crypt:3  | Reached skill level 5 in Charms
 59282 | Crypt:3  | Reached ****** piety under the Shining One
 59529 | Crypt:3  | Noticed an ancient lich
 59540 | Crypt:3  | Killed an ancient lich
 59727 | Crypt:3  | Found an ancient bone altar of Kikubaaqudgha.
 59814 | Crypt:3  | Noticed a greater mummy
 59816 | Crypt:3  | Noticed a greater mummy
 59818 | Crypt:3  | Identified a +9 executioner's axe of holy wrath (a +7
                  | executioner's axe of venom blessed by the Shining One)
 59818 | Crypt:3  | Received a gift from the Shining One
 59822 | Crypt:3  | Killed a greater mummy
 59824 | Crypt:3  | Killed a greater mummy
 59825 | Crypt:3  | Noticed Khufu
 59835 | Crypt:3  | Killed Khufu
 60211 | Crypt:3  | Found a staircase to the Tomb.
 60582 | Crypt:3  | Gained mutation: You are surrounded by a mild repulsion
                  | field. (EV +2) [mutagenic glow]
 61074 | D:6      | Fell from the grace of the Shining One
 61074 | D:6      | Became a worshipper of Makhleb the Destroyer
 61242 | D:15     | Entered Level 15 of the Dungeon
 61558 | D:15     | Reached * piety under Makhleb
 61591 | D:15     | Found a staircase to the Depths.
 62489 | Depths:1 | Entered Level 1 of the Depths
 62677 | Depths:1 | Identified the cursed +1 falchion "Afink" {slice, rElec rC+
                  | rN++}
 62725 | Depths:1 | Reached ** piety under Makhleb
 62725 | Depths:1 | Reached skill level 10 in Charms
 62803 | Depths:1 | Found Cuprum's Magic Scroll Shop.
 62813 | Depths:1 | Bought a scroll of identify for 26 gold pieces
 62824 | Depths:1 | Found a one-way gate to the infinite horrors of the Abyss.
 62894 | Depths:1 | Found Gunopeiq's Magic Scroll Emporium.
 62899 | Depths:1 | Reached *** piety under Makhleb
 62917 | Depths:1 | Bought a scroll of acquirement for 988 gold pieces
 62953 | Depths:1 | Found a gateway to a ziggurat.
 63257 | Depths:1 | Found Zaemino's Gadget Boutique.
 63384 | Depths:1 | Found a one-way gate leading to the halls of Pandemonium.
 63690 | Depths:1 | Found a gateway to Hell.
 63945 | Depths:2 | Reached **** piety under Makhleb
 64218 | Depths:2 | Reached skill level 5 in Spellcasting
 64238 | Depths:2 | Learned a level 3 spell: Regeneration
 64757 | Depths:2 | Was forgiven by Cheibriados
 65152 | Depths:2 | Reached ***** piety under Makhleb
 65397 | Depths:2 | Found a runed translucent door.
 65615 | Depths:2 | Reached skill level 5 in Necromancy
 65671 | Depths:2 | Identified the ring "Femielei" {rN+ MR+ Slay+6}
 65990 | Depths:2 | Identified the ring "Pimuenis" {MR+ Int+2}
 66053 | Depths:2 | Identified a +1 pair of boots of running (You found it on
                  | level 2 of the Depths)
 66103 | Depths:2 | Reached skill level 10 in Necromancy
 66435 | Depths:3 | Reached ****** piety under Makhleb
 66493 | Depths:3 | Found a portal to a secret trove of treasure.
 66495 | Depths:3 | Identified the +3 large shield "Buis Pab" {MP+9 Str+5}
 66495 | Depths:3 | Noticed Louise
 66524 | Depths:3 | Killed Louise
 66539 | Depths:3 | Reached skill level 23 in Axes
 66694 | Depths:3 | Found Gozag's Antique Armour Shop.
 66704 | Depths:3 | Found an opulent altar of Gozag.
 66709 | Depths:3 | Found Gozag's Antique Weapon Shop.
 66712 | Depths:3 | Found Gozag's Antique Armour Boutique.
 67521 | Depths:2 | Voluntarily entered the Abyss.
 68083 | Abyss:2  | Reached skill level 15 in Crossbows
 68242 | Abyss:2  | Found a corrupted altar of Lugonu.
 68623 | Abyss:4  | Got an abyssal rune of Zot
 68660 | Abyss:4  | Reached skill level 10 in Dodging
 68758 | Abyss:4  | Gained mutation: You possess an exceptional clarity of
                  | mind. [a neqoxec]
 68860 | Depths:2 | Escaped the Abyss
 69158 | Lair:1   | Lost mutation: You are frail. (-10% HP) [potion of
                  | mutation]
 69158 | Lair:1   | Lost mutation: Armour fits poorly on your strangely shaped
                  | body. [potion of mutation]
 69158 | Lair:1   | Gained mutation: You are partially covered in icy blue
                  | scales. (AC +2) [potion of mutation]
 69158 | Lair:1   | Gained mutation: Your spells are a little harder to cast,
                  | but a little more powerful. [potion of mutation]
 69604 | Depths:4 | Found Roskis's Antique Armour Emporium.
 69606 | Depths:4 | Found Efalom's Gadget Shoppe.
 69608 | Depths:4 | Found Rufeon's Magic Scroll Emporium.
 69625 | Depths:4 | Bought a scroll of identify for 24 gold pieces
 69760 | Depths:4 | Found a transporter.
 69761 | Depths:4 | Found a transporter.
 69792 | Depths:4 | Got an ancient bone ring
 69794 | Depths:4 | Identified the ring of Uteah {rF+ MR+ Str+2} (You found it
                  | on level 4 of the Depths)
 69813 | Depths:4 | Got a warped pewter ring
 69815 | Depths:4 | Identified the ring of Wisdom {-Tele MR+ Int+9 Slay+2 SInv}
                  | (You found it on level 4 of the Depths)
 69974 | Depths:4 | You are sucked into a shaft!
 69974 | Depths:5 | Entered Level 5 of the Depths
 69989 | Depths:5 | Reached skill level 24 in Axes
 70204 | Depths:5 | Noticed Boris
 70208 | Depths:5 | Killed Boris
 70367 | Depths:5 | Found a corrupted altar of Lugonu.
 70555 | Depths:4 | Was forgiven by the Shining One
 70821 | Depths:4 | Found Vuamet's General Store.
 70968 | Depths:5 | Found Heulau's Gadget Shop.
 70969 | Depths:5 | Found Upnasmoi's Jewellery Emporium.
 70971 | Depths:5 | Found Yruufino's Gadget Shop.
 71284 | Depths:5 | Found a gate to the Realm of Zot.
 71924 | Depths:3 | You paid a toll of 2 scrolls of acquirement to enter a
                  | treasure trove
 71925 | Trove    | Entered a treasure trove
 71935 | Trove    | Got a dazzling arbalest
 71936 | Trove    | Identified the +9 arbalest of Mialuog {venom, +Blink rElec
                  | MP-9 Int+4 Dex+2} (You found it in a treasure trove)
 72035 | Hell     | Entered the Vestibule of Hell
 72035 | Hell     | Noticed Geryon
 72058 | Hell     | Killed Geryon
 72109 | Hell     | Found a gateway to the decaying netherworld of Tartarus.
 72195 | Hell     | Found a gateway to the ashen valley of Gehenna.
 72198 | Hell     | Reached skill level 10 in Spellcasting
 72319 | Hell     | Found a gateway to the Iron City of Dis.
 72393 | Hell     | Found a gateway to the freezing wastes of Cocytus.
 72638 | Zot:1    | Entered Level 1 of the Realm of Zot
 72961 | Zot:1    | Reached skill level 25 in Axes
 74226 | Zot:2    | Noticed a Killer Klown
 74226 | Zot:2    | a Killer Klown changed into a shadow dragon
 74780 | Zot:3    | Got a pair of dazzling boots
 74791 | Zot:3    | Identified the cursed +0 pair of boots "Ixkoc" {rPois rN+}
                  | (You found it on level 3 of the Realm of Zot)
 75242 | Zot:4    | Found a basalt altar of Yredelemnul.
 75286 | Zot:4    | Identified the Catalogue of Fire and Brimstone
 75295 | Zot:4    | Identified the Incunabulum of the Zealot
 75560 | Zot:4    | Reached skill level 26 in Axes
 76490 | Tomb:1   | Entered Level 1 of the Tomb of the Ancients
 76677 | Tomb:1   | Noticed Mara
 76687 | Tomb:1   | Killed Mara
 76881 | Tomb:1   | Noticed a greater mummy
 76897 | Tomb:1   | Killed a greater mummy
 77272 | Tomb:2   | Noticed a greater mummy
 77273 | Tomb:2   | Noticed a greater mummy
 77274 | Tomb:2   | Noticed a greater mummy
 77278 | Tomb:2   | Noticed a greater mummy
 77286 | Tomb:2   | Killed a greater mummy
 77307 | Tomb:2   | Killed a greater mummy
 77310 | Tomb:2   | Killed a greater mummy
 77320 | Tomb:2   | Killed a greater mummy
 77374 | Tomb:2   | Reached skill level 1 in Hexes
 77677 | Tomb:1   | Noticed a greater mummy
 77678 | Tomb:1   | Noticed a greater mummy
 77678 | Tomb:1   | Noticed a greater mummy
 77686 | Tomb:1   | Killed a greater mummy
 77686 | Tomb:1   | Noticed a greater mummy
 77693 | Tomb:1   | Killed a greater mummy
 77693 | Tomb:1   | Reached skill level 5 in Hexes
 77711 | Tomb:1   | Lost mutation: You possess an exceptional clarity of mind.
                  | [the power of Zot]
 77722 | Tomb:1   | Killed a greater mummy
 77723 | Tomb:1   | Killed a greater mummy
 77782 | Tomb:1   | Noticed a greater mummy
 77782 | Tomb:1   | Noticed a greater mummy
 77787 | Tomb:1   | Killed a greater mummy
 77787 | Tomb:1   | Reached skill level 1 in Translocations
 77791 | Tomb:1   | Killed a greater mummy
 77929 | Tomb:1   | Noticed a greater mummy
 77932 | Tomb:1   | Noticed a greater mummy
 77933 | Tomb:1   | Noticed a greater mummy
 77940 | Tomb:1   | Killed a greater mummy
 77944 | Tomb:1   | Killed a greater mummy
 77947 | Tomb:1   | Killed a greater mummy
 77947 | Tomb:1   | Reached skill level 5 in Translocations
 78017 | Tomb:1   | Noticed a greater mummy
 78025 | Tomb:1   | Killed a greater mummy
 78027 | Tomb:1   | Noticed a greater mummy
 78035 | Tomb:1   | Killed a greater mummy
 78036 | Tomb:1   | Noticed a greater mummy
 78041 | Tomb:1   | Killed a greater mummy
 78064 | Tomb:1   | Noticed a greater mummy
 78074 | Tomb:1   | Killed a greater mummy
 78077 | Tomb:1   | Noticed a greater mummy
 78084 | Tomb:1   | Killed a greater mummy
 78411 | Tomb:3   | Entered Level 3 of the Tomb of the Ancients
 78434 | Tomb:3   | Noticed a greater mummy
 78435 | Tomb:3   | Noticed a greater mummy
 78443 | Tomb:3   | Noticed a greater mummy
 78446 | Tomb:3   | Noticed Boris
 78449 | Tomb:3   | Noticed an ancient lich
 78453 | Tomb:3   | Killed a greater mummy
 78455 | Tomb:3   | Killed a greater mummy
 78462 | Tomb:3   | Identified the cursed +1 chain mail of Marbles {rPois}
 78466 | Tomb:3   | Slain by a reaper

Skill      XL: |  1  2  3  4  5  6  7  8  9 10 11 12 13 14 15 16 17 18 19 20 21 22 23 24 25 26 27 |
---------------+----------------------------------------------------------------------------------+-----
Axes           | 4 5 6 7 9 10 11 12 14 15 16 17 18 19 20 21 22 26 | 26.0
Armour         | 1 2 3 4 6 7 8 9 10 12 13 14 15 16 17 18 19 | 19.1
Fighting       | 4 5 6 7 8 9 10 11 12 13 14 16 17 18 19 20 21 23 | 23.9
Dodging        | 3 4 5 7 14 | 14.3
Invocations    | 2 4 6 7 8 |  8.0
Shields        | 2 6 9 10 11 13 14 15 16 18 20 21 22 25 | 25.6
Evocations     | 4 6 7 8 9 10 | 10.0
Transmutations | 3 |  3.0
Necromancy     | 3 11 | 11.0
Crossbows      | 3 5 7 8 9 10 11 12 13 17 | 17.8
Spellcasting   | 1 2 10 | 10.0
Charms         | 4 11 | 11.9
Hexes          | 8 |  8.0
Translocations | 8 |  8.0
Stealth        | |  2.4

Action                   |  1- 3 |  4- 6 |  7- 9 | 10-12 | 13-15 | 16-18 | 19-21 | 22-24 | 25-27 || total
-------------------------+-------+-------+-------+-------+-------+-------+-------+-------+-------++-------
Melee: Hand axe          |    98 |   247 |   294 |       |       |       |       |       |       ||   639
       War axe           |       |       |   160 |   346 |       |       |       |       |       ||   506
       Battleaxe         |       |       |       |   157 |   747 |   823 |  1006 |  1038 |   291 ||  4062
       Whip              |       |       |       |    17 |    13 |       |       |       |       ||    30
       Demon whip        |       |       |       |       |       |    17 |       |       |       ||    17
       Arbalest          |       |       |       |       |       |       |     1 |       |       ||     1
       Executioner's axe |       |       |       |       |       |       |       |       |  3377 ||  3377
 Fire: Blowgun           |       |       |    12 |     2 |     2 |       |       |       |       ||    16
       Arbalest          |       |       |       |       |    32 |    20 |    13 |    10 |   179 ||   254
Throw: Stone             |       |     3 |       |       |       |       |       |       |       ||     3
       Tomahawk          |       |       |     2 |     4 |       |       |       |       |       ||     6
       Throwing net      |       |       |       |       |       |     1 |     4 |       |     4 ||     9
 Cast: Vampiric Draining |       |       |       |       |     9 |       |       |       |       ||     9
       Song of Slaying   |       |       |       |       |       |       |       |       |    42 ||    42
       Regeneration      |       |       |       |       |       |       |       |       |    34 ||    34
       Portal Projectile |       |       |       |       |       |       |       |       |     6 ||     6
Invok: Temporal Distorti |       |       |     2 |     2 |     3 |     3 |     4 |     1 |       ||    15
       Slouch            |       |       |       |     4 |     3 |     3 |     5 |     6 |     5 ||    26
       Step From Time    |       |       |       |       |     1 |       |       |       |       ||     1
       Brand Weapon With |       |       |       |       |       |       |       |       |     1 ||     1
 Abil: Dig               |       |     2 |     2 |     5 |    15 |     1 |     2 |       |     7 ||    34
       Shaft Self        |       |       |       |     2 |       |       |       |       |       ||     2
       Evoke Invisibilit |       |       |       |       |     6 |     2 |     2 |     1 |     3 ||    14
       Stop Flying       |       |       |       |       |       |     2 |     1 |       |       ||     3
       Evoke Flight      |       |       |       |       |       |     2 |     1 |       |       ||     3
Evoke: Wand              |       |       |       |    10 |     5 |     4 |       |       |     2 ||    21
       Sack of spiders   |       |       |       |       |     2 |       |       |       |       ||     2
       Phantom mirror    |       |       |       |       |       |     1 |       |       |       ||     1
  Use: Scroll            |       |     5 |       |     7 |     8 |     6 |     2 |     2 |    19 ||    49
       Potion            |       |       |       |     7 |     3 |     9 |       |     3 |    29 ||    51
 Stab: Sleeping          |     4 |       |       |       |     2 |       |       |       |       ||     6
       Distracted        |       |       |     1 |       |     5 |     1 |       |     2 |     3 ||    12
       Invisible         |       |       |       |     5 |    22 |     9 |    18 |    10 |    44 ||   108
       Held in net/web   |       |       |       |       |     1 |     3 |       |       |       ||     4
       Petrifying        |       |       |       |       |     1 |       |       |       |       ||     1
       Petrified         |       |       |       |       |       |     2 |       |       |       ||     2
  Eat: Chunk             |       |     7 |    16 |    11 |    30 |    17 |    16 |    16 |    37 ||   150
       Ration            |       |       |       |     1 |       |     1 |     1 |       |    21 ||    24
Armor: Robe              |     7 |       |       |       |       |       |       |       |       ||     7
       Chain mail        |     8 |   118 |   174 |    80 |    71 |       |       |       |       ||   451
       Troll leather arm |       |       |       |       |     3 |       |       |       |       ||     3
       Plate armour      |       |       |       |       |   117 |   322 |   337 |   108 |   170 ||  1054
       Gold dragon scale |       |       |       |       |       |       |       |   103 |  1011 ||  1114
Dodge: Dodged            |    60 |    94 |   236 |   258 |   364 |   386 |   190 |   290 |   863 ||  2741
Block: Shield            |       |       |    57 |   415 |   570 |   188 |       |       |       ||  1230
       Large shield      |       |       |       |       |       |   776 |  1085 |  1067 |  4610 ||  7538
       Reflection        |       |       |       |       |       |    66 |   154 |    99 |   179 ||   498
